 Dungeon Crawl Stone Soup version 0.30-a0-1163-gf69bf04e7a (webtiles) character file.

Game seed: 7719579555835631297

55237 Ahpoh the Carver (level 14, -1/75 HPs)
             Began as a Vine Stalker Berserker on Apr 26, 2023.
             Was a High Priest of Trog.
             Slain by a red ugly thing (15 damage)
             ... on level 15 of the Dungeon on Apr 28, 2023.
             The game lasted 01:27:50 (16907 turns).

Ahpoh the Carver (Vine Stalker Berserker)          Turns: 16907, Time: 01:27:56

Health: -1/75      AC: 19    Str: 18 (19) XL:     14   Next: 76%
Magic:  0/24       EV:  9    Int:  6 (7)  God:    Trog [*****.]
Gold:   1095       SH: 19    Dex: 20      Spells: 13/13 levels left

rFire   x . .        G - +1 demon blade (freeze)
rCold   + + +        J - +0 tower shield {rPois}
rNeg    + . .        l - +0 ice dragon scales
rPois   +            (no helmet)
rElec   .            g - scarf "Pavoillor" {rC+ rF+, rN+}
rCorr   .            q - +1 pair of gloves {infuse}
SInv    +            j - +2 pair of boots
Will    +....        S - amulet of regeneration
Stlth   +            o - ring of see invisible
HPRegen 1.92/turn    N - ring of magical power
MPRegen 0.19/turn

%: guardian spirit
@: no status effects
A: fangs 3, regeneration 1, magic shield, antimagic bite, no potion heal 2,
deterioration 1, heat vulnerability 1
a: Renounce Religion, Berserk, Trog's Hand, Brothers in Arms


You were on level 15 of the Dungeon.
You worshipped Trog.
Trog was extremely pleased with you.
You visited 2 branches of the dungeon, and saw 16 of its levels.

You collected 1095 gold pieces.

Inventory:

Hand Weapons
 G - a +1 demon blade of freezing (weapon)
 X - a +3 falchion of protection
 Z - a +3 scimitar of flaming
Missiles
 y - 4 throwing nets (quivered)
Armour
 g - the scarf "Pavoillor" (worn) {rC+ rF+, rN+}
   (You found it on level 11 of the Dungeon)

   rN:        It protects you from negative energy.
 j - a +2 pair of boots (worn)
 l - +0 ice dragon scales (worn)
 q - a +1 pair of gloves of infusion (worn)
 J - a +0 tower shield of poison resistance (worn)
 Q - a +3 scale mail of willpower
Jewellery
 a - a ring of protection from cold
 m - a ring of protection from cold
 o - a ring of see invisible (left hand)
 C - a ring of flight
 N - a ring of magical power (right hand)
 S - an amulet of regeneration (around neck)
Wands
 n - a wand of quicksilver (9)
 s - a wand of polymorph (16)
 E - a wand of mindburst (33)
 F - a wand of charming (1)
 H - a wand of digging (12)
 L - a wand of iceblast (16)
Scrolls
 b - 3 scrolls of fog
 e - 7 scrolls of teleportation
 i - 2 scrolls of summoning
 p - a scroll of noise
 t - 10 scrolls of magic mapping
 u - 3 scrolls of immolation
 w - 2 scrolls of fear {unknown}
 z - 2 scrolls of enchant weapon
 B - a scroll of blinking
 D - 2 scrolls of silence
 I - 2 scrolls of poison
 R - 3 scrolls of torment {unknown}
Potions
 d - 5 potions of magic
 f - 4 potions of might
 h - 4 potions of lignification {unknown}
 k - 3 potions of cancellation
 r - 3 potions of curing
 v - 2 potions of attraction {unknown}
 x - 4 potions of flight
 A - a potion of berserk rage {unknown}
 V - 2 potions of invisibility
 Y - a potion of haste
Miscellaneous
 O - a lightning rod (4/4)
 P - a phial of floods
 W - a phantom mirror


   Skills:
 + Level 9.6 Fighting
 + Level 14.1 Long Blades
 + Level 0.7 Polearms
 + Level 10.2 Armour
 + Level 4.2 Dodging
 + Level 1.8 Stealth
 + Level 12.1 Shields
 + Level 0.3 Evocations


You had 13 spell levels left.
You didn't know any spells.
Your spell library was empty.

Dungeon Overview and Level Annotations

Branches:
Dungeon (15/15)            Temple (0/1) D:4            Lair (0/5) D:10
    Orc (0/2) D:12         Vaults (0/5) D:13         Depths (1/4) D:15

Altars:
Cheibriados
Gozag
Kikubaaqudgha
Sif Muna
Trog
Uskayaw
Wu Jian
Xom

Shops:
D:8 :

Annotations:
D:10 1 runed translucent door, exclusion: orange crystal statue


Innate Abilities, Weirdness & Mutations

You have razor-sharp teeth.
Your natural rate of healing is unusually fast.
When hurt, damage is shared between your health and your magic reserves.
Your bite disrupts and absorbs the magic of your enemies.
Potions cannot restore your health.
Your body sometimes deteriorates upon taking damage.
You are vulnerable to heat. (rF-)


Message History

You drain its power.
You feel invigorated.
The red ugly thing is lightly wounded.
You block the red ugly thing's attack.
You hit the red ugly thing. You freeze the red ugly thing.
The red ugly thing is lightly wounded.
You barely miss the red ugly thing.
The red ugly thing is lightly wounded.
You block the red ugly thing's attack.
You barely miss the red ugly thing.
The red ugly thing is lightly wounded.
You block the red ugly thing's attack.
You hit the red ugly thing. You freeze the red ugly thing.
The red ugly thing is moderately wounded.
The red ugly thing trunk-slaps you.
You are engulfed in flames!!
The fire burns you terribly!
You closely miss the red ugly thing.
You bite the red ugly thing, but do no damage.
The red ugly thing is moderately wounded.
You block the red ugly thing's attack.
You closely miss the red ugly thing.
The red ugly thing is moderately wounded.
You barely miss the red ugly thing.
The red ugly thing is moderately wounded.
You block the red ugly thing's attack.
You slash the red ugly thing! You freeze the red ugly thing.
Your bite misses the red ugly thing.
The red ugly thing is heavily wounded.
You block the red ugly thing's attack.
You hit the red ugly thing. You freeze the red ugly thing.
The red ugly thing is heavily wounded.
The red ugly thing trunk-slaps you!
You are engulfed in flames!!
The fire burns you terribly!
* * * LOW HITPOINT WARNING * * *
You barely miss the red ugly thing.
You bite the red ugly thing, but do no damage.
The red ugly thing is heavily wounded.
The red ugly thing trunk-slaps you.
* * * LOW HITPOINT WARNING * * *
You are engulfed in flames!!
The fire burns you terribly!
You die...

# #.# #.# #.# # # #.# #.# #.#
# # #.# #.# #####.# # # #.#
#.# #...#.# # ### #.#
#.###...#.# ..# #######
#.........## #.# ##.....##
##.........#### #.#
#####......u## #....#######..
..###..†..#####[@# #....# #..
####...##.......## ####.# ###
##..8.###.....## #.#
#......######## #.+ ##....##
### ##.#######.############
#..........#.......(..# ##
#.##########.########.#######
#. #.# #.# #.##..#.###.


You could see a red ugly thing.

Vanquished Creatures
  Frances (D:12)
  Azrael (D:12)
  A fire dragon (D:15)
  3 hydras
  A rakshasa (D:15)
  An ice dragon (D:15)
  A catoblepas (D:9)
  An ogre mage (D:15)
  2 dancing weapons (D:13)
  7 two-headed ogres
  5 centaur warriors
  A tengu warrior (D:14)
  5 boulder beetles
  A spriggan berserker (D:15)
  13 skeletal warriors
  A wizard (D:15)
  2 deep elf pyromancers (D:15)
  An orc knight (D:14)
  8 cyclopes
  9 ugly things
  4 manticores
  A kobold demonologist (D:11)
  2 freezing wraiths (D:14)
  9 meliai
  4 trolls
  A snapping turtle (shapeshifter) (D:9)
  A shadow (D:11)
  5 slime creatures
  A vampire (D:10)
  3 wyverns
  28 yaks
  3 wraiths
  3 basilisks
  3 fire elementals (D:12)
  11 vampire mosquitoes
  3 steam dragons
  3 hell hounds (D:12)
  An acid dragon (D:13)
  4 water moccasins
  A black bear (D:7)
  An ice beast (D:6)
  6 orc warriors
  A sky beast (D:7)
  2 ogres
  13 centaurs
  A kobold brigand (D:11)
  5 bullfrogs
  4 gnoll sergeants
  6 scorpions
  4 wights (D:10)
  20 killer bees
  9 howler monkeys
  10 hounds
  2 jellies
  6 orc priests
  6 gnoll boudas
  5 iguanas
  A sleepcap (D:5)
  19 orc wizards
  8 adders
  31 gnolls
  An ufetubus (D:5)
  A worm (D:2)
  3 dart slugs
  64 orcs
  8 endoplasms
  3 giant cockroaches
  6 hobgoblins
  7 jackals
  10 kobolds
  A quokka (D:1)
  8 ball pythons
  8 bats
  4 frilled lizards
  3 goblins
  A rat (D:1)
444 creatures vanquished.

Vanquished Creatures (others)
  2 ogres (D:5)
  A scorpion (D:5)
  An adder (D:5)
  An orc (D:5)
  7 fungi (D:4)
12 creatures vanquished.

Grand Total: 456 creatures vanquished

Notes
Turn   | Place    | Note
-------+----------+-------------------------------------------
     0 | D:1      | Ahpoh the Vine Stalker Berserker began the quest for the
                  | Orb.
     0 | D:1      | Reached XP level 1. HP: 11/11 MP: 2/2
   163 | D:1      | Reached XP level 2. HP: 16/16 MP: 3/3
   597 | D:2      | Reached skill level 3 in Long Blades
   673 | D:2      | Reached XP level 3. HP: 18/20 MP: 2/4
  1081 | D:2      | Reached ** piety under Trog
  1617 | D:3      | Gained mutation: Your natural rate of healing is unusually
                  | fast. [Vine Stalker growth]
  1617 | D:3      | Reached XP level 4. HP: 24/24 MP: 5/5
  1680 | D:3      | Found an ancient bone altar of Kikubaaqudgha.
  1680 | D:3      | Found a snail-covered altar of Cheibriados.
  1784 | D:3      | Found a bloodstained altar of Trog.
  2225 | D:3      | Reached XP level 5. HP: 28/28 MP: 6/6
  2271 | D:3      | Reached skill level 4 in Long Blades
  2594 | D:4      | Reached *** piety under Trog
  2605 | D:4      | Reached XP level 6. HP: 27/32 MP: 5/7
  2613 | D:4      | Reached skill level 5 in Long Blades
  2633 | D:4      | Found a shimmering blue altar of Sif Muna.
  2875 | D:4      | Found a staircase to the Ecumenical Temple.
  3157 | D:5      | Entered Level 5 of the Dungeon
  3176 | D:5      | Reached XP level 7. HP: 27/36 MP: 4/8
  3285 | D:5      | Reached skill level 6 in Long Blades
  3489 | D:5      | Gained mutation: You have razor-sharp teeth. [Vine Stalker
                  | growth]
  3489 | D:5      | Reached XP level 8. HP: 42/42 MP: 6/9
  3614 | D:5      | Reached skill level 1 in Shields
  3644 | D:5      | Found a shimmering altar of Xom.
  3926 | D:5      | Reached **** piety under Trog
  4050 | D:5      | Reached skill level 7 in Long Blades
  4408 | D:6      | Reached skill level 8 in Long Blades
  4412 | D:6      | Reached XP level 9. HP: 33/46 MP: 10/10
  4604 | D:6      | Found an ornate altar of the Wu Jian Council.
  4803 | D:6      | You fall into a shaft and drop 1 floor!
  5070 | D:7      | Upgraded the game from 0.30-a0-1160-g6e42c06551 to
                  | 0.30-a0-1161-g0704695555
  5070 | D:7      | Upgraded the game from 0.30-a0-1161-g0704695555 to
                  | 0.30-a0-1163-gf69bf04e7a
  5139 | D:7      | Reached skill level 5 in Armour
  5554 | D:8      | Reached skill level 5 in Fighting
  5708 | D:8      | Reached skill level 9 in Long Blades
  6040 | D:8      | Reached ***** piety under Trog
  6107 | D:8      | Found Razas's Book Emporium.
  6260 | D:9      | Reached XP level 10. HP: 51/51 MP: 11/11
  6712 | D:9      | Noticed a seven-headed hydra
  6965 | D:9      | Noticed a two-headed ogre
  7007 | D:9      | Noticed a four-headed hydra
  7087 | D:9      | Noticed a manticore
  7099 | D:8      | Reached skill level 5 in Shields
  7235 | D:9      | Killed a manticore
  7296 | D:9      | Killed a two-headed ogre
  7297 | D:9      | Reached skill level 10 in Long Blades
  7447 | D:9      | Noticed a catoblepas
  7500 | D:9      | Reached skill level 1 in Stealth
  7514 | D:9      | Killed a catoblepas
  7515 | D:9      | Reached XP level 11. HP: 39/56 MP: 7/12
  7993 | D:9      | Killed a seven-headed hydra
  8097 | D:9      | a torpor snail changed into a manticore
  8097 | D:9      | Noticed a manticore (shapeshifter)
  8099 | D:9      | a manticore changed into a snapping turtle
  8763 | D:9      | Found an opulent altar of Gozag.
  9017 | D:9      | Gained mutation: You are vulnerable to heat. (rF-) [potion
                  | of mutation]
  9017 | D:9      | Gained mutation: A frigid envelope surrounds you and
                  | freezes all who hurt you. [potion of mutation]
  9021 | D:9      | Lost mutation: A frigid envelope surrounds you and freezes
                  | all who hurt you. [potion of mutation]
  9021 | D:9      | Lost mutation: You are vulnerable to heat. (rF-) [potion of
                  | mutation]
  9021 | D:9      | Gained mutation: You are vulnerable to heat. (rF-) [potion
                  | of mutation]
  9021 | D:9      | Gained mutation: Your body sometimes deteriorates upon
                  | taking damage. [potion of mutation]
  9032 | D:10     | Entered Level 10 of the Dungeon
  9032 | D:10     | Found a runed translucent door.
  9041 | D:10     | Noticed an orange crystal statue
  9050 | D:10     | Found a runed translucent door.
  9060 | D:10     | Found a runed translucent door.
  9070 | D:10     | Found a runed translucent door.
  9580 | D:10     | Found a staircase to the Lair.
 10373 | D:11     | Identified the scarf "Pavoillor" {rC+ rF+, rN+}
 10468 | D:11     | Reached skill level 11 in Long Blades
 10498 | D:11     | Noticed a two-headed ogre
 10505 | D:11     | Killed a two-headed ogre
 10506 | D:11     | Reached XP level 12. HP: 62/62 MP: 13/13
 10746 | D:11     | Received a gift from Trog
 10982 | D:11     | Found a hide-covered altar of Uskayaw.
 11007 | D:11     | Noticed a two-headed ogre
 11017 | D:11     | Killed a two-headed ogre
 11119 | D:11     | Noticed a two-headed ogre
 11127 | D:11     | Killed a two-headed ogre
 11194 | D:11     | Noticed a boulder beetle
 11264 | D:11     | Killed a boulder beetle
 11539 | D:12     | Identified the +4 leather armour "Xemuzic" {Int+3 Dex+3}
 11698 | D:12     | Found a staircase to the Orcish Mines.
 11701 | D:12     | Noticed a boulder beetle
 11788 | D:12     | Killed a boulder beetle
 11862 | D:12     | Noticed Frances
 11871 | D:12     | Noticed a sun demon
 11900 | D:12     | Killed Frances
 11995 | D:12     | Reached skill level 10 in Shields
 12009 | D:12     | Reached skill level 12 in Long Blades
 12009 | D:12     | Noticed Azrael
 12031 | D:12     | Killed Azrael
 12032 | D:12     | Reached XP level 13. HP: 67/67 MP: 14/14
 13042 | D:13     | Found a gate to the Vaults.
 13775 | D:13     | Identified the staff of earth "Ruloceso" {rPois rN+ Dex+4
                  | Stlth+}
 14107 | D:14     | Reached skill level 13 in Long Blades
 14426 | D:13     | Reached XP level 14. HP: 65/74 MP: 3/15
 15787 | D:15     | Entered Level 15 of the Dungeon
 15954 | D:15     | Reached skill level 10 in Armour
 16050 | D:15     | Paralysed by an ogre mage for 5 turns
 16057 | D:15     | Received a gift from Trog
 16693 | D:15     | Reached skill level 14 in Long Blades
 16769 | D:15     | Found a staircase to the Depths.
 16828 | Depths:1 | Entered Level 1 of the Depths
 16892 | Depths:1 | Noticed a red very ugly thing
 16907 | D:15     | Slain by a red ugly thing

Illustrated notes

Levels and vault maps discovered:
D:1:      amcnicky_arrival_underground_garden, layout_basic
D:2:      layout_loops_corners
D:3:      layout_basic, jmf_multi_god_temple,
          mainiacjoe_overflow_concentric_impassable, item_on_display_a
D:4:      layout_loops_ring, mainiacjoe_overflow_chevrons,
          minmay_temple_entry_waves
D:5:      layout_basic, xom_confusion_cloud
D:6:      layout_cave_pools, overflow_temple_1_default,
          chequers_serial_rivers_marsh, kennysheep_small_spiral
D:7:      layout_rooms
D:8:      layout_basic, serial_shops, shop
D:9:      minmay_the_grid_triangle_9x9_recursive_2_mashed
          [minmay_the_grid_triangle_9x9_prize_schism,
          minmay_the_grid_triangle_9x9_wacky_v,
          minmay_the_grid_triangle_9x9_zippers_vertical,
          minmay_the_grid_triangle_9x9_negative_grid], layout_cave_pools,
          general_overflow_altar, serial_gnoll_camp, gnoll_camp_medium_01,
          gnoll_camp_mini_hut, gnoll_camp_mini_house, gnoll_camp_mini_loothouse,
          gnoll_camp_mini_house, gnoll_camp_huts_basic, chequers_mini_garden
D:10:     layout_basic, david_lair_generic, minmay_statue_crystal_thing
D:11:     layout_roguey, nicolae_uskayaw_dance_studio
D:12:     layout_rooms, orc_0_dummy, st_stairs_12, uniq_frances, uniq_azrael
D:13:     layout_loops_corners, erik_vaults_1
D:14:     layout_layer_cave, hangedman_decor_opposing
D:15:     grunt_enter_depths_hoard, layout_loops_ring, zin_angel
Depths:1: layout_cave_pools, grunt_pan_entry_in_and_out, hell_entry,
          kiku_gazebo_garden_becter

Skill      XL: |  1  2  3  4  5  6  7  8  9 10 11 12 13 14 |
---------------+-------------------------------------------+-----
Fighting       | 3 4 5 6 7 8 9 |  9.6
Long Blades    | 3 4 5 6 8 9 10 11 12 13 14 | 14.1
Armour         | 2 3 4 5 6 7 8 9 10 | 10.2
Dodging        | 2 3 4 |  4.2
Shields        | 1 3 6 8 10 11 12 | 12.1
Stealth        | 1 |  1.8
Polearms       | |  0.7
Evocations     | |  0.3

Action                     |  1- 3 |  4- 6 |  7- 9 | 10-12 | 13-15 || total
---------------------------+-------+-------+-------+-------+-------++-------
  Melee: Falchion          |    81 |   170 |   414 |   877 |    18 ||  1560
         Bite              |    20 |    59 |   115 |   471 |   211 ||   876
         Punch             |     1 |       |       |       |       ||     1
         Long sword        |       |       |       |   142 |       ||   142
         Scimitar          |       |       |       |    35 |   400 ||   435
         Spear             |       |       |       |     8 |       ||     8
         Demon blade       |       |       |       |       |    90 ||    90
 Invoke: Berserk           |       |       |     5 |    17 |     9 ||    31
         Trog's Hand       |       |       |       |     1 |       ||     1
  Evoke: Wand              |       |       |       |     1 |       ||     1
         Phantom mirror    |       |       |       |     1 |       ||     1
         Lightning rod     |       |       |       |       |     1 ||     1
    Use: Scroll            |     2 |     4 |    11 |     4 |     4 ||    25
         Potion            |       |     2 |     3 |     4 |       ||     9
   Stab: Petrified         |       |       |       |     2 |       ||     2
 Armour: Animal skin       |     6 |       |       |       |       ||     6
         Chain mail        |    35 |    74 |   260 |    18 |       ||   387
         Plate armour      |       |       |       |   501 |   174 ||   675
  Dodge: Dodged            |    36 |    55 |   178 |   157 |    72 ||   498
  Block: Buckler           |       |     1 |    77 |       |       ||    78
         Tower shield      |       |       |    49 |  1016 |   418 ||  1483

Table legend: (Time is in decaauts)
 A = Elapsed time spent in this place.
 B = Non-inter-level travel time spent in this place.
 C = Inter-level travel time spent in this place.
 D = Time resting spent in this place.
 E = Time spent auto-exploring this place.
 F = Levels seen in this place.
 G = Mean time per level.
                   A        B        C        D        E       F      G
               +--------+--------+--------+--------+--------+-----+--------+
         Total |  17223 |  16618 |    605 |   1483 |   8744 |  16 | 1076.4 |
       Dungeon |  17213 |  16608 |    605 |   1483 |   8744 |  15 | 1147.5 |
        Depths |     10 |     10 |      0 |      0 |      0 |   1 |   10.0 |
               +--------+--------+--------+--------+--------+-----+--------+

Top non-repeatable levels by time:
     D:8: 1824 daAuts
     D:9: 1782 daAuts
    D:13: 1654 daAuts
    D:14: 1592 daAuts
    D:10: 1363 daAuts
    D:11: 1181 daAuts
     D:5: 1177 daAuts
    D:12: 1129 daAuts
    D:15: 1110 daAuts
     D:2: 1016 daAuts
     D:4: 809 daAuts
     D:3: 758 daAuts
     D:6: 725 daAuts
     D:1: 576 daAuts
     D:7: 511 daAuts
